 Dungeon Crawl Stone Soup version 0.31-a0-240-gb923e448b6 (webtiles) character file.

Game seed: 14711571688524251691

48 qw the Shooter (level 3, 0/29 HPs)
             Began as a Minotaur Hexslinger on July 11, 2023.
             Slain by an orc wizard
             ... wielding a +0 dagger
              (2 damage)
             ... on level 2 of the Dungeon.
             The game lasted 00:00:26 (1341 turns).

qw the Shooter (Minotaur Hexslinger)                Turns: 1341, Time: 00:00:27

Health: 0/29       AC:  2    Str: 12    XL:     3   Next: 50%
Magic:  3/3        EV: 12    Int: 10    God:
Gold:   29         SH:  0    Dex: 14    Spells: 3/4 levels left

rFire   . . .        Y - +1 sling
rCold   . . .        (no shield)
rNeg    . . .        c - +0 robe
rPois   .            (helmet restricted)
rElec   .            (no cloak)
rCorr   .            (no gloves)
SInv    .            (no boots)
Will    .....        (no amulet)
Stlth   +            (no ring)
HPRegen 0.24/turn    (no ring)
MPRegen 0.08/turn

%: no passive effects
@: no status effects
A: horns 2, retaliatory headbutt
a: no special abilities


You were on level 2 of the Dungeon.
You visited 1 branch of the dungeon, and saw 2 of its levels.

You collected 29 gold pieces.


Innate Abilities, Weirdness & Mutations

You have a pair of horns on your head.
You reflexively headbutt those who attack you in melee.


   Skills:
 - Level 2.0 Fighting
 + Level 4.1 Ranged Weapons
 - Level 2.1 Dodging
 - Level 1.0 Spellcasting
 - Level 2.0 Hexes


You had 3 spell levels left.
You knew the following spells:

 Your Spells              Type           Power      Damage    Failure   Level
a - Slow                  Hex            16%        N/A       16%         1

Your spell library contained the following spells:

 Spells                   Type           Power      Damage    Failure   Level
 Inner Flame              Hex/Fire       2%         N/A       56%         3
 Portal Projectile        Hex/Tloc       4%         N/A       56%         3
 Cause Fear               Hex            2%         N/A       83%         4

Inventory:

Hand Weapons
 Y - a +1 sling (weapon)
Armour
 b - a +3 ring mail
 c - a +0 robe (worn)
Jewellery
 j - an amulet of magic regeneration
Scrolls
 a - 2 scrolls of teleportation {unknown}
Potions
 d - 3 potions of curing {unknown}
 e - 2 potions of mutation {unknown}
 f - a potion of magic {unknown}
 g - a potion of lignification {unknown}
 h - a potion of haste {unknown}
 i - a potion of enlightenment {unknown}

Dungeon Overview and Level Annotations

Branches:
Dungeon (2/15)

Altars:


Message History

You shoot a sling bullet. You shoot a sling bullet. You shoot a sling bullet.
An orc comes into view. It is wielding a +0 flail.
You shoot a sling bullet.
The sling bullet hits the orc but does no damage.
You shoot a sling bullet. The sling bullet barely misses the orc.
Something hits you.
You shoot a sling bullet.
The sling bullet hits the orc but does no damage.
Something hits you.
You shoot a sling bullet. The sling bullet hits the orc.
The orc is heavily wounded.
Something hits you. x2
An orc comes into view. It is wielding a +0 mace.
An orc comes into view. It is wielding a +0 falchion.
You shoot a sling bullet.
The sling bullet closely misses the orc.
The orc shouts!
You hear some strange, mumbled words.
You are confused.
Something hits you.
You hear some strange, mumbled words.
A puff of flame appears from out of thin air!
The puff of flame misses you. The orc hits you with a +0 flail.
The orc barely misses you.
The orc hits the plant with a +0 falchion.
The plant begins to die.
An orc comes into view. It is wielding a +0 hand axe.
Something hits you. The orc closely misses you. The orc barely misses you.
The orc hits you with a +0 falchion. Something hits you.
The orc hits the plant with a +0 mace.
You feel less confused. Something hits you. The orc closely misses you.
The orc hits the plant with a +0 mace!
The orc closely misses you. You furiously retaliate!
You headbutt the orc, but do no damage. You shoot a sling bullet.
The sling bullet hits the orc.
You kill the orc!
A nearby plant withers and dies.
Something hits you.
You die...

#...##.... #.........#
##P..
#...##....####..........
#....
....##....#...........
#....
.#####....#....#######
#.... .# #....#....#
###.... .# ###....#....#
#...... .#
............#######..
#...... .#
.....#....o.........#
#...#.. .#
........77.oo@......#
#...#.. ##
......7P77..7P).....#
#...#..
......77........^...#
#####..
.....P7P.............
#.. .....
7..P...#####... #..
..... 7P.....# .. #..
7......# # #.. 7......#
#.. .####### ###


You could see 3 orcs.

Vanquished Creatures
  2 adders (D:2)
  2 worms (D:2)
  A dart slug (D:1)
  An orc (D:2)
  An endoplasm (D:2)
  3 goblins (D:1)
  2 hobgoblins
  2 ball pythons (D:2)
  3 bats (D:1)
  3 frilled lizards
  4 kobolds
  2 rats (D:1)
26 creatures vanquished.

Notes
Turn   | Place    | Note
-------+----------+-------------------------------------------
     0 | D:1      | qw the Minotaur Hexslinger began the quest for the Orb.
     0 | D:1      | Reached XP level 1. HP: 16/16 MP: 1/1
     0 | D:1      | 0 ||| qw: Version: 0.3-a-52-g30416fa
     0 | D:1      | 0 ||| qw: Game counter: 6131
     0 | D:1      | 0 ||| qw: Melee chars always use a shield: true
     0 | D:1      | 0 ||| qw: God list: Okawaru
     0 | D:1      | 0 ||| qw: Allow faded altars: false
     0 | D:1      | 0 ||| qw: Do Orc after clearing Dungeon:15 true
     0 | D:1      | 0 ||| qw: Do second Lair branch before Depths: true
     0 | D:1      | 0 ||| qw: Lair rune preference: random
     0 | D:1      | 0 ||| qw: Goals: Normal
     0 | D:1      | 0 ||| PLANNING D:1-11
    97 | D:1      | Reached skill level 3 in Ranged Weapons
   125 | D:1      | Reached XP level 2. HP: 23/23 MP: 2/2
   254 | D:1      | Found a faded altar of an unknown god.
   832 | D:1      | 832 ||| READING scroll labelled CENAT TOERRI.
   833 | D:1      | 833 ||| DROPPING scroll of poison.
   928 | D:2      | Reached XP level 3. HP: 29/29 MP: 3/3
  1112 | D:2      | Reached skill level 4 in Ranged Weapons
  1339 | D:2      | HP: 6/29 [orc/+0 falchion (5)]
  1340 | D:2      | HP: 2/29 [something (3)]
  1341 | D:2      | Slain by an orc wizard

Levels and vault maps discovered:
D:1:      psy_arrival_fountain, layout_basic,
          shapermc_ecumenical_altar_starsandcircs, dreamdust_princess_bridge
D:2:      layout_basic, serial_forest, infiniplex_forest_straight_3,
          infiniplex_forest_zigzag_2, infiniplex_forest_clump_curved,
          infiniplex_forest_diagonal, infiniplex_forest_diagonal,
          infiniplex_forest_clump_small, infiniplex_forest_lined_2,
          infiniplex_forest_straight_4

Skill      XL: |  1  2  3 |
---------------+----------+-----
Ranged Weapons | 3 4 |  4.1
Fighting       | 2 |  2.0
Dodging        | |  2.1
Spellcasting   | |  1.0
Hexes          | |  2.0

Action                     || total
---------------------------++-------
   Fire: Sling             ||   100
    Use: Scroll            ||     1
 Armour: Robe              ||     2
  Dodge: Dodged            ||    30

Table legend:
 A = Non-vault XP
 B = Vault XP
 C = Vault XP percentage of total XP
 D = Non-vault monster count
 E = Vault monster count
 F = Vault count percentage of total count
                 A         B        C        D         E       F
            +---------+---------+-------+---------+---------+-------
      Total |      72 |       0 |   0.0 |      26 |       0 |   0.0
            +---------+---------+-------+---------+---------+-------
        D:1 |      24 |       0 |   0.0 |      15 |       0 |   0.0
        D:2 |      48 |       0 |   0.0 |      11 |       0 |   0.0
            +---------+---------+-------+---------+---------+-------
